| TOP OF THE 1ST |
|
Colorado (EL) Rockies batting - Pitching for Springfield Cardinals : RHP Tony Casey
|
|
Pitching: RHP Tony Casey
|
|
|
Batting: LHB Nick Martin
|
0-0: Foul Ball, location: 2F 0-1: Ball 1-1: Called Strike 1-2: Ball 2-2: Ball 3-2: Foul Ball, location: 2F 3-2: Fly out, F9 (Flyball, 89M, EV 85.6 MPH)
|
|
Batting: RHB Matviy Oliynyk
|
0-0: Ball 1-0: Foul Ball, location: 2F 1-1: Ball 2-1: Foul Ball, location: 2F 2-2: Ball 3-2: Ground out U3 (Groundball, 3L, EV 91.2 MPH)
|
|
Batting: SHB Bobby Santor
|
0-0: Fly out, F6 (Popup, 6MS, EV 76.2 MPH)
|
| Top of the 1st over - 0 runs, 0 hits, 0 errors, 0 left on base; Colorado (EL) 0 - Springfield 0 |
| BOTTOM OF THE 1ST |
|
Springfield Cardinals batting - Pitching for Colorado (EL) Rockies : RHP Tsuneyoshi Kubo
|
|
Pitching: RHP Tsuneyoshi Kubo
|
|
|
Batting: RHB Joe LaDue
|
0-0: Ball 1-0: SOLO HOME RUN (Line Drive, 9D, EV 98.1 MPH), Distance : 389 ft
|
|
Batting: LHB Travis Ruppel
|
0-0: Foul Ball, location: 2F 0-1: Foul Ball, location: 2F 0-2: Ball 1-2: Ball 2-2: SOLO HOME RUN (Flyball, 9D, EV 98.8 MPH), Distance : 390 ft
|
|
Batting: SHB Josh Schultze
|
0-0: Swinging Strike 0-1: Ball 1-1: Ball 2-1: Swinging Strike 2-2: Strikes out swinging
|
|
Batting: RHB Andres Mendiola
|
0-0: Ball 1-0: Called Strike 1-1: Called Strike 1-2: DOUBLE (Line Drive, 89D, EV 101.2 MPH)
|
|
Batting: RHB Tyler Walker
|
0-0: Ball 1-0: Ball 2-0: Swinging Strike 2-1: Ball 3-1: Swinging Strike 3-2: Foul Ball, location: 2F 3-2: Foul Ball, location: 2F 3-2: Strikes out looking
|
|
Batting: RHB Davey Beeson
|
0-0: Called Strike 0-1: Ball 1-1: Ball 2-1: Ball 3-1: Foul Ball, location: 2F 3-2: Base on Balls
|
|
Batting: RHB Fortunato Fteira
|
0-0: Ball 1-0: Called Strike 1-1: Ground out 6-3 (Groundball, 6S, EV 88.1 MPH)
|
| Bottom of the 1st over - 2 runs, 3 hits, 0 errors, 2 left on base; Colorado (EL) 0 - Springfield 2 |
| TOP OF THE 2ND |
|
Colorado (EL) Rockies batting - Pitching for Springfield Cardinals : RHP Tony Casey
|
|
Batting: LHB Paul McClintock
|
0-0: Ball 1-0: Swinging Strike 1-1: Ground out 5-3 (Groundball, 56, EV 82.5 MPH)
|
|
Batting: RHB Andy Rayer
|
0-0: Swinging Strike 0-1: Fly out, F9 (Flyball, 9S, EV 80.0 MPH)
|
|
Batting: RHB Chris Osting
|
0-0: Ball 1-0: Ball 2-0: DOUBLE (Line Drive, 7LD, EV 102.5 MPH)
|
|
Batting: RHB Zakhar Edelman
|
0-0: Ball 1-0: Fly out, F7 (Flyball, 7LD, EV 95.6 MPH)
|
| Top of the 2nd over - 0 runs, 1 hit, 0 errors, 1 left on base; Colorado (EL) 0 - Springfield 2 |
| BOTTOM OF THE 2ND |
|
Springfield Cardinals batting - Pitching for Colorado (EL) Rockies : RHP Tsuneyoshi Kubo
|
|
Batting: RHB Immel Kamuzu
|
0-0: Called Strike 0-1: Ball 1-1: Ball 2-1: Ground out 6-3 (Groundball, 56, EV 104.4 MPH)
|
|
Batting: RHB Austin Akers
|
0-0: Ground out 4-3 (Groundball, 4, EV 103.8 MPH)
|
|
Batting: RHB Joe LaDue
|
0-0: Foul Ball, location: 2F 0-1: SOLO HOME RUN (Flyball, 9LD, EV 99.4 MPH), Distance : 357 ft
|
|
Batting: LHB Travis Ruppel
|
0-0: Swinging Strike 0-1: Ground out 1-3 (Groundball, 13, EV 70.0 MPH)
|
| Bottom of the 2nd over - 1 run, 1 hit, 0 errors, 0 left on base; Colorado (EL) 0 - Springfield 3 |
| TOP OF THE 3RD |
|
Colorado (EL) Rockies batting - Pitching for Springfield Cardinals : RHP Tony Casey
|
|
Batting: RHB Kevin McKasson
|
0-0: Called Strike 0-1: Ball 1-1: Ground out 6-3 (Groundball, P, EV 75.6 MPH)
|
|
Batting: RHB Willie Benito
|
0-0: Ball 1-0: Called Strike 1-1: Ball 2-1: SINGLE (Groundball, 56S, EV 64.4 MPH) (infield hit)
|
|
Batting: LHB Nick Martin
|
0-0: Ball 1-0: Ball 2-0: Foul Ball, location: 2F 2-1: Ball 3-1: Foul Ball, location: 2F 3-2: Strikes out swinging
|
|
Batting: RHB Matviy Oliynyk
|
0-0: Called Strike 0-1: Ball 1-1: Ball 2-1: Called Strike 2-2: Ball 3-2: Strikes out swinging
|
| Top of the 3rd over - 0 runs, 1 hit, 0 errors, 1 left on base; Colorado (EL) 0 - Springfield 3 |
| BOTTOM OF THE 3RD |
|
Springfield Cardinals batting - Pitching for Colorado (EL) Rockies : RHP Tsuneyoshi Kubo
|
|
Batting: SHB Josh Schultze
|
0-0: Called Strike 0-1: Ball 1-1: Ball 2-1: Foul Ball, location: 2F 2-2: Ball 3-2: Foul Ball, location: 2F 3-2: Base on Balls
|
|
Batting: RHB Andres Mendiola
|
0-0: Called Strike 0-1: Foul Ball, location: 2F 0-2: Ball 1-2: Fly out, F7 (Flyball, 7, EV 85.6 MPH)
|
|
Batting: RHB Tyler Walker
|
0-0: Called Strike 0-1: Ball 1-1: Ball 2-1: Foul Ball, location: 2F 2-2: Ball 3-2: 2-RUN HOME RUN (Flyball, 9LD, EV 91.2 MPH), Distance : 342 ft
|
|
Pitching: LHP Kyle Mearkle
|
|
|
Batting: RHB Davey Beeson
|
0-0: Called Strike 0-1: Called Strike 0-2: Ball 1-2: Strikes out swinging
|
|
Batting: RHB Fortunato Fteira
|
0-0: Called Strike 0-1: Ball 1-1: Ball 2-1: Swinging Strike 2-2: Strikes out looking
|
| Bottom of the 3rd over - 2 runs, 1 hit, 0 errors, 0 left on base; Colorado (EL) 0 - Springfield 5 |
| TOP OF THE 4TH |
|
Colorado (EL) Rockies batting - Pitching for Springfield Cardinals : RHP Tony Casey
|
|
Batting: SHB Bobby Santor
|
0-0: Called Strike 0-1: Ball 1-1: Called Strike 1-2: Foul Ball, location: 2F 1-2: Ball 2-2: Ball 3-2: Strikes out swinging
|
|
Batting: LHB Paul McClintock
|
0-0: Called Strike 0-1: Called Strike 0-2: Ball 1-2: Ball 2-2: Strikes out swinging
|
|
Batting: RHB Andy Rayer
|
0-0: Ball 1-0: Foul Ball, location: 2F 1-1: Ball 2-1: Ball 3-1: Base on Balls
|
|
Batting: RHB Chris Osting
|
0-0: Ball 1-0: Fly out, F9 (Flyball, 9, EV 88.8 MPH)
|
| Top of the 4th over - 0 runs, 0 hits, 0 errors, 1 left on base; Colorado (EL) 0 - Springfield 5 |
| BOTTOM OF THE 4TH |
|
Springfield Cardinals batting - Pitching for Colorado (EL) Rockies : LHP Kyle Mearkle
|
|
Batting: RHB Immel Kamuzu
|
0-0: Called Strike 0-1: Ball 1-1: Foul Ball, location: 2F 1-2: Strikes out swinging
|
|
Batting: RHB Austin Akers
|
0-0: Called Strike 0-1: Ball 1-1: Ball 2-1: Swinging Strike 2-2: Foul Ball, location: 2F 2-2: Ball 3-2: Strikes out swinging
|
|
Batting: RHB Joe LaDue
|
0-0: Ball 1-0: Ball 2-0: Swinging Strike 2-1: Called Strike 2-2: Foul Ball, location: 2F 2-2: Foul Ball, location: 2F 2-2: Ball 3-2: Base on Balls
|
|
Batting: LHB Travis Ruppel
|
0-0: Called Strike 0-1: Called Strike 0-2: Strikes out looking
|
| Bottom of the 4th over - 0 runs, 0 hits, 0 errors, 1 left on base; Colorado (EL) 0 - Springfield 5 |
| TOP OF THE 5TH |
|
Colorado (EL) Rockies batting - Pitching for Springfield Cardinals : RHP Tony Casey
|
|
Batting: RHB Zakhar Edelman
|
0-0: Ball 1-0: Fly out, F8 (Flyball, 8LM, EV 90.6 MPH)
|
|
Batting: RHB Kevin McKasson
|
0-0: Ball 1-0: Ball 2-0: Called Strike 2-1: Ball 3-1: Base on Balls
|
|
Batting: RHB Willie Benito
|
0-0: Called Strike 0-1: Called Strike 0-2: Foul Ball, location: 2F 0-2: Foul Ball, location: 2F 0-2: Ball 1-2: Ball 2-2: Fielders Choice at 2nd, 6-4 (Groundball, 6, EV 79.4 MPH)
|
|
Batting: LHB Nick Martin
|
0-0: Ball 1-0: Foul Ball, location: 2F 1-1: Called Strike 1-2: Ball 2-2: Strikes out swinging
|
| Top of the 5th over - 0 runs, 0 hits, 0 errors, 1 left on base; Colorado (EL) 0 - Springfield 5 |
| BOTTOM OF THE 5TH |
|
Springfield Cardinals batting - Pitching for Colorado (EL) Rockies : LHP Kyle Mearkle
|
|
Batting: SHB Josh Schultze
|
0-0: Ball 1-0: Ball 2-0: Called Strike 2-1: Ball 3-1: Foul Ball, location: 2F 3-2: Strikes out swinging
|
|
Batting: RHB Andres Mendiola
|
0-0: Called Strike 0-1: Called Strike 0-2: Foul Ball, location: 2F 0-2: Ball 1-2: Foul Ball, location: 2F 1-2: Strikes out swinging
|
|
Batting: RHB Tyler Walker
|
0-0: Ball 1-0: Foul Ball, location: 2F 1-1: Foul Ball, location: 2F 1-2: Ball 2-2: Foul Ball, location: 2F 2-2: Ball 3-2: Strikes out swinging
|
| Bottom of the 5th over - 0 runs, 0 hits, 0 errors, 0 left on base; Colorado (EL) 0 - Springfield 5 |
| TOP OF THE 6TH |
|
Colorado (EL) Rockies batting - Pitching for Springfield Cardinals : RHP Tony Casey
|
|
Batting: RHB Matviy Oliynyk
|
0-0: Ball 1-0: Ball 2-0: Called Strike 2-1: SINGLE (Groundball, 56D, EV 103.1 MPH)
|
|
Pitching: RHP Jim Kincaid
|
|
|
Batting: SHB Bobby Santor
|
0-0: Ball 1-0: Ball 2-0: Foul Ball, location: 2F 2-1: Fly out, F8 (Flyball, 8LD, EV 78.8 MPH)
|
|
Batting: LHB Paul McClintock
|
0-0: Fielders Choice at 2nd, 4-6 (Groundball, 34, EV 76.9 MPH)
|
|
Batting: RHB Andy Rayer
|
0-0: Foul Ball, location: 2F 0-1: Ball 1-1: Ball 2-1: Swinging Strike 2-2: SINGLE (Groundball, 6S, EV 65.6 MPH) (infield hit) Paul McClintock to second
|
|
Batting: RHB Chris Osting
|
0-0: 3-RUN HOME RUN (Flyball, 7LD, EV 95.0 MPH), Distance : 353 ft
|
|
Batting: RHB Zakhar Edelman
|
0-0: SINGLE (Groundball, 34D, EV 99.4 MPH)
|
|
Batting: RHB Kevin McKasson
|
0-0: Foul Ball, location: 2F 0-1: Ball 1-1: Called Strike 1-2: Strikes out swinging
|
| Top of the 6th over - 3 runs, 4 hits, 0 errors, 1 left on base; Colorado (EL) 3 - Springfield 5 |
| BOTTOM OF THE 6TH |
|
Springfield Cardinals batting - Pitching for Colorado (EL) Rockies : LHP Kyle Mearkle
|
|
Pitching: RHP Dane Long
|
|
|
Batting: RHB Davey Beeson
|
0-0: Ball 1-0: Called Strike 1-1: Swinging Strike 1-2: Ball 2-2: Ball 3-2: Base on Balls
|
|
Batting: RHB Fortunato Fteira
|
0-0: Ball 1-0: Foul Ball, location: 2F 1-1: Swinging Strike 1-2: Strikes out looking
|
|
Batting: RHB Immel Kamuzu
|
0-0: Called Strike 0-1: Ball 1-1: Ball 2-1: Ball 3-1: Base on Balls Davey Beeson to second
|
|
Batting: RHB Austin Akers
|
0-0: Fielders Choice at 2nd, 5-4 (Groundball, 56, EV 108.8 MPH) Davey Beeson to third
|
|
Batting: RHB Joe LaDue
|
0-0: Called Strike 0-1: Ball 1-1: Called Strike 1-2: Strikes out looking
|
| Bottom of the 6th over - 0 runs, 0 hits, 0 errors, 2 left on base; Colorado (EL) 3 - Springfield 5 |
| TOP OF THE 7TH |
|
Colorado (EL) Rockies batting - Pitching for Springfield Cardinals : RHP Jim Kincaid
|
|
Batting: RHB Willie Benito
|
0-0: Called Strike 0-1: Foul Ball, location: 2F 0-2: Foul Ball, location: 2F 0-2: Ball 1-2: Ball 2-2: Ground out 4-3 (Groundball, 4, EV 106.9 MPH)
|
|
Batting: LHB Nick Martin
|
0-0: Ball 1-0: Called Strike 1-1: Swinging Strike 1-2: Strikes out swinging
|
|
Batting: RHB Matviy Oliynyk
|
0-0: Foul Ball, location: 2F 0-1: Swinging Strike 0-2: Foul Ball, location: 2F 0-2: Foul Ball, location: 2F 0-2: Strikes out looking
|
| Top of the 7th over - 0 runs, 0 hits, 0 errors, 0 left on base; Colorado (EL) 3 - Springfield 5 |
| BOTTOM OF THE 7TH |
|
Springfield Cardinals batting - Pitching for Colorado (EL) Rockies : RHP Dane Long
|
|
Pitching: RHP Manny Lebron
|
|
|
Batting: LHB Travis Ruppel
|
0-0: Swinging Strike 0-1: Foul Ball, location: 2F 0-2: Strikes out swinging
|
|
Batting: SHB Josh Schultze
|
0-0: Ball 1-0: Ball 2-0: Ball 3-0: Called Strike 3-1: Called Strike 3-2: SINGLE (Groundball, 4MD, EV 96.2 MPH)
|
|
Batting: RHB Andres Mendiola
|
0-0: Ball 1-0: Swinging Strike 1-1: Foul Ball, location: 2F 1-2: Ball 2-2: Strikes out swinging
|
|
Batting: RHB Tyler Walker
|
0-0: Swinging Strike 0-1: Ball 1-1: Foul Ball, location: 2F 1-2: Fly out, F8 (Line Drive, 89D, EV 89.4 MPH)
|
| Bottom of the 7th over - 0 runs, 1 hit, 0 errors, 1 left on base; Colorado (EL) 3 - Springfield 5 |
| TOP OF THE 8TH |
|
Colorado (EL) Rockies batting - Pitching for Springfield Cardinals : RHP Jim Kincaid
|
|
Pitching: LHP Nick Suggett
|
|
|
Batting: SHB Bobby Santor
|
0-0: Ball 1-0: Ball 2-0: DOUBLE (Line Drive, 9LS, EV 101.2 MPH)
|
|
Pinch Hitting: RHB T.J. Williams
|
0-0: Ball 1-0: Ball 2-0: 2-RUN HOME RUN (Line Drive, 9D, EV 102.5 MPH), Distance : 389 ft
|
|
Batting: RHB Andy Rayer
|
0-0: Ball 1-0: Called Strike 1-1: Ball 2-1: Foul Ball, location: 2F 2-2: Strikes out swinging
|
|
Batting: RHB Chris Osting
|
0-0: Fly out, F8 (Line Drive, 8RD, EV 101.9 MPH)
|
|
Batting: RHB Zakhar Edelman
|
0-0: Swinging Strike 0-1: SINGLE (Line Drive, 8RS, EV 95.0 MPH)
|
|
Batting: RHB Kevin McKasson
|
0-0: Called Strike 0-1: Swinging Strike 0-2: Ground out 2-3 (Groundball, 15S, EV 66.2 MPH)
|
| Top of the 8th over - 2 runs, 3 hits, 0 errors, 1 left on base; Colorado (EL) 5 - Springfield 5 |
| BOTTOM OF THE 8TH |
|
Springfield Cardinals batting - Pitching for Colorado (EL) Rockies : RHP Manny Lebron
|
|
Pitching: RHP Terry Sterling
|
|
|
Now at 2B: Harry Folsom
|
|
|
Batting: RHB Davey Beeson
|
0-0: SINGLE (Line Drive, 89S, EV 99.4 MPH)
|
|
Batting: RHB Fortunato Fteira
|
0-0: Swinging Strike 0-1: Grounds into double play, 4-6-3 (Groundball, 4, EV 103.8 MPH)
|
|
Batting: RHB Immel Kamuzu
|
0-0: Foul Ball, location: 2F 0-1: Ball 1-1: Ball 2-1: Ball 3-1: Ground out 4-3 (Groundball, 4, EV 91.9 MPH)
|
| Bottom of the 8th over - 0 runs, 1 hit, 0 errors, 0 left on base; Colorado (EL) 5 - Springfield 5 |
| TOP OF THE 9TH |
|
Colorado (EL) Rockies batting - Pitching for Springfield Cardinals : LHP Nick Suggett
|
|
Batting: RHB Willie Benito
|
0-0: Called Strike 0-1: Ball 1-1: Swinging Strike 1-2: Strikes out swinging
|
|
Batting: LHB Nick Martin
|
0-0: Called Strike 0-1: Foul Ball, location: 2F 0-2: Foul Ball, location: 2F 0-2: Ball 1-2: Foul Ball, location: 2F 1-2: Ball 2-2: Ball 3-2: Fly out, F9 (Flyball, 9LM, EV 96.2 MPH)
|
|
Batting: RHB Matviy Oliynyk
|
0-0: Called Strike 0-1: Swinging Strike 0-2: Ball 1-2: Foul Ball, location: 2F 1-2: Strikes out swinging
|
| Top of the 9th over - 0 runs, 0 hits, 0 errors, 0 left on base; Colorado (EL) 5 - Springfield 5 |
| BOTTOM OF THE 9TH |
|
Springfield Cardinals batting - Pitching for Colorado (EL) Rockies : RHP Terry Sterling
|
|
Pitching: RHP Jim Micaletti
|
|
|
Batting: RHB Austin Akers
|
0-0: Ball 1-0: Fly out, F6 (Line Drive, 6, EV 65.0 MPH)
|
|
Batting: RHB Joe LaDue
|
0-0: Called Strike 0-1: Ball 1-1: Ball 2-1: Fly out, F9 (Flyball, 9LS, EV 97.5 MPH)
|
|
Batting: LHB Travis Ruppel
|
0-0: DOUBLE (Line Drive, 78M, EV 110.6 MPH)
|
|
Batting: SHB Josh Schultze
|
0-0: Intentional Walk
|
|
Batting: RHB Andres Mendiola
|
0-0: Foul Ball, location: 2F 0-1: Ball 1-1: SINGLE (Line Drive, 7S, EV 103.1 MPH) Travis Ruppel to third Josh Schultze to second
|
|
Batting: RHB Tyler Walker
|
0-0: Ball 1-0: Ball 2-0: Fielders Choice at 2nd, 5-4 (Groundball, 5, EV 101.9 MPH)
|
| Bottom of the 9th over - 0 runs, 2 hits, 0 errors, 3 left on base; Colorado (EL) 5 - Springfield 5 |
| TOP OF THE 10TH |
|
Colorado (EL) Rockies batting - Pitching for Springfield Cardinals : LHP Nick Suggett
|
|
Pitching: RHP Pabiyan Vetlitsky
|
|
|
Batting: SHB Bobby Santor
|
0-0: Swinging Strike 0-1: Foul Ball, location: 2F 0-2: Foul Ball, location: 2F 0-2: Foul Ball, location: 2F 0-2: Strikes out looking
|
|
Batting: LHB Harry Folsom
|
0-0: Called Strike 0-1: Ball 1-1: DOUBLE (Flyball, 8RXD, EV 98.1 MPH)
|
|
Batting: RHB Andy Rayer
|
0-0: Intentional Walk
|
|
Batting: RHB Chris Osting
|
0-0: Ball 1-0: Ball 2-0: Called Strike 2-1: SINGLE (Line Drive, 7S, EV 91.9 MPH) Harry Folsom to third Andy Rayer to second Runner from 3rd tries for Home, throw by LF and OUT! 7-2
|
|
Batting: RHB Zakhar Edelman
|
0-0: Ball 1-0: Fielders Choice at 2nd, 5-4 (Groundball, 56, EV 96.9 MPH)
|
| Top of the 10th over - 0 runs, 2 hits, 0 errors, 2 left on base; Colorado (EL) 5 - Springfield 5 |
| BOTTOM OF THE 10TH |
|
Springfield Cardinals batting - Pitching for Colorado (EL) Rockies : RHP Jim Micaletti
|
|
Pitching: RHP Lorenzo Pacheco
|
|
|
Batting: RHB Davey Beeson
|
0-0: Ball 1-0: Called Strike 1-1: Ground out 5-3 (Groundball, 56S, EV 65.0 MPH)
|
|
Batting: RHB Fortunato Fteira
|
0-0: Ball 1-0: Called Strike 1-1: Ground out 1-3 (Groundball, 13S, EV 60.6 MPH)
|
|
Batting: RHB Immel Kamuzu
|
0-0: Ball 1-0: SINGLE (Groundball, 56D, EV 103.1 MPH)
|
|
Batting: RHB Austin Akers
|
0-0: Ball 1-0: Ball 2-0: Ball 3-0: Called Strike 3-1: Fielders Choice at 2nd, 6-4 (Groundball, 6, EV 85.6 MPH)
|
| Bottom of the 10th over - 0 runs, 1 hit, 0 errors, 1 left on base; Colorado (EL) 5 - Springfield 5 |
| TOP OF THE 11TH |
|
Colorado (EL) Rockies batting - Pitching for Springfield Cardinals : RHP Pabiyan Vetlitsky
|
|
Pitching: RHP Branden Maynard
|
|
|
Batting: RHB Kevin McKasson
|
0-0: Foul Ball, location: 2F 0-1: Swinging Strike 0-2: Ball 1-2: Foul Ball, location: 2F 1-2: Strikes out swinging, 2-3 out at first.
|
|
Pinch Hitting: LHB Daniel Green
|
0-0: Ground out 4-3 (Groundball, 4, EV 85.0 MPH)
|
|
Batting: LHB Nick Martin
|
0-0: Called Strike 0-1: Ball 1-1: Ball 2-1: SOLO HOME RUN (Flyball, 8LXD, EV 104.4 MPH), Distance : 416 ft
|
|
Batting: RHB Matviy Oliynyk
|
0-0: Swinging Strike 0-1: Reached on error, E6 (Groundball, 6S, EV 88.8 MPH)
|
|
Batting: SHB Bobby Santor
|
0-0: Ball 1-0: Called Strike 1-1: Foul Ball, location: 2F 1-2: Ball 2-2: Ball Pickoff Throw to First - Error! E1 Matviy Oliynyk to second 3-2: Intentional Walk
|
|
Batting: LHB Harry Folsom
|
0-0: Ball 1-0: Called Strike 1-1: Swinging Strike 1-2: Foul Ball, location: 2F 1-2: Strikes out swinging
|
| Top of the 11th over - 1 run, 1 hit, 2 errors, 2 left on base; Colorado (EL) 6 - Springfield 5 |
| BOTTOM OF THE 11TH |
|
Springfield Cardinals batting - Pitching for Colorado (EL) Rockies : RHP Lorenzo Pacheco
|
|
Now at SS: Pei Xie
|
|
|
Batting: RHB Joe LaDue
|
0-0: Ball 1-0: Called Strike 1-1: Foul Ball, location: 2F 1-2: Ball 2-2: Ball 3-2: Base on Balls
|
|
Batting: LHB Travis Ruppel
|
0-0: Ball 1-0: Ball 2-0: Ball 3-0: Base on Balls Joe LaDue to second
|
|
Batting: SHB Josh Schultze
|
0-0: Ball 1-0: Ball 2-0: Foul Ball, location: 2F 2-1: Swinging Strike 2-2: Foul Ball, location: 2F 2-2: 3-RUN HOME RUN (Flyball, 9D, EV 98.1 MPH), Distance : 389 ft
|
| Bottom of the 11th over - 3 runs, 1 hit, 0 errors, 0 left on base; Colorado (EL) 6 - Springfield 8 |
|